 Dungeon Crawl Stone Soup version 0.31-a0-1057-g70f3316b05 (webtiles) character file.

Game seed: 13137937806072190485

51588 JPNDWG the Peltast (level 14, -3/79 HPs)
             Began as a Minotaur Fighter on Nov 20, 2023.
             Was the Champion of Okawaru.
             Slain by an acid blob (17 damage)
             ... on level 2 of the Pits of Slime.
             The game lasted 01:51:18 (15972 turns).

JPNDWG the Peltast (Minotaur Fighter)              Turns: 15972, Time: 01:51:21

Health: -3/79      AC: 13    Str: 27 (28) XL:     14   Next: 24%
Magic:  1/10       EV: 15    Int:  1 (2)  God:    Okawaru [******]
Gold:   680        SH:  0    Dex: 10 (11) Spells: 13/13 levels left

rFire   x . .        d - +7 demon trident "Minotaur's Death" {drain, *Rage rC+ Int+4}
rCold   + . .        U - +0 tower shield
rNeg    . . .        m - +15 Maxwell's patent armour {-Cast -Tele rElec Will+ rCorr}
rPois   .            (helmet restricted)
rElec   +            B - +0 cloak
rCorr   +            r - +2 pair of gloves
SInv    .            c - +0 pair of boots of Estuxiuk {Regen+ Str+3 Int-3}
Will    ++...        k - amulet of regeneration Stlth
                     F - +5 ring of evasion
HPRegen 1.93/turn    q - ring of resist corrosion
MPRegen 0.12/turn

%: no teleportation, no spellcasting, random rage (23%)
@: confused, corroded, on berserk cooldown, slowed, very slow
A: horns 2, retaliatory headbutt, berserk 1, deformed body, deterioration 1,
dopey 2, frail 3, low MP 2, heat vulnerability 1, subdued magic 3, inability to
drink after injury 1
a: Renounce Religion, Heroism, Finesse, Duel, Receive Weapon


You were on level 2 of the Pits of Slime.
You worshipped Okawaru.
Okawaru was exalted by your worship.
You visited 5 branches of the dungeon, and saw 20 of its levels.

You collected 1662 gold pieces.
You spent 982 gold pieces at shops.

Inventory:

Hand Weapons
 d - the +7 demon trident "Minotaur's Death" (weapon) {drain, *Rage rC+ Int+4}
   (You acquired it on level 5 of the Lair of Beasts)

   Int+4:     It affects your intelligence (+4).
   rC+:       It protects you from cold.
   *Rage:     It berserks you when you make melee attacks (+20% chance).
 n - a +2 dagger of holy wrath
 y - the +2 spear "Jedet" {pain, rF++ Stlth-}
   (You found it on level 3 of the Dungeon)

   rF++:      It greatly protects you from fire.
   Stlth-:    It makes you less stealthy.
 A - a +4 quarterstaff of chaos
 H - a +3 flail of draining
 J - a +1 long sword of freezing
 O - a +4 scimitar
 P - a +5 flail
 V - a -1 demon blade of protection
 W - a -3 triple sword
Missiles
 j - 11 silver javelins
 N - 2 throwing nets
Armour
 c - the +0 pair of boots of Estuxiuk (worn) {Regen+ Str+3 Int-3}
   (You acquired it on level 5 of the Lair of Beasts)

   Str+3:     It affects your strength (+3).
   Int-3:     It affects your intelligence (-3).
   Regen+:    It increases your rate of health regeneration.
 e - a +0 crystal plate armour
 m - the +15 Maxwell's patent armour (worn) {-Cast -Tele rElec Will+ rCorr}
   (Okawaru gifted it to you on level 5 of the Lair of Beasts)

   rElec:     It insulates you from electricity.
   Will+:     It increases your willpower.
   -Cast:     It prevents spellcasting.
   -Tele:     It prevents most forms of teleportation.
   rCorr:     It protects you from acid and corrosion.
 r - a +2 pair of gloves (worn)
 B - a +0 cloak (worn)
 T - a +1 plate armour of poison resistance
 U - a +0 tower shield (worn)
 X - a +2 robe of cold resistance
Jewellery
 k - an amulet of regeneration (around neck)
 q - a ring of resist corrosion (right hand)
 t - a ring of flight
 C - a ring of magical power
 F - a +5 ring of evasion (left hand)
 G - a ring of ice
 R - an amulet of faith
 S - a ring of wizardry
Talismans
 a - a serpent talisman
 h - a granite talisman
Wands
 g - a wand of charming (12)
 s - a wand of flame (9)
 u - a wand of mindburst (7)
 w - a wand of acid (19)
 Y - a wand of polymorph (3)
Scrolls
 f - a scroll of vulnerability
 i - a scroll of silence
 p - 2 scrolls of amnesia
 v - 3 scrolls of fear
 z - 2 scrolls of noise
 D - 2 scrolls of fog
 Q - 5 scrolls of teleportation
 Z - a scroll of revelation
Potions
 l - 2 potions of haste
 o - 2 potions of berserk rage
 x - 2 potions of attraction
 E - 2 potions of magic {unknown}
 I - 2 potions of lignification
 K - 2 potions of invisibility
 L - 2 potions of degeneration {unknown}
 M - a potion of enlightenment {unknown}


   Skills:
 - Level 7.6 Fighting
 + Level 5.1 Long Blades
 - Level 9.3 Polearms
 + Level 15.2 Armour
 + Level 7.8 Dodging
 + Level 1.4 Stealth
 + Level 20.4 Shields
 + Level 1.2 Invocations
 + Level 3.5 Evocations


You had 13 spell levels left.
You didn't know any spells.
Your spell library contained the following spells:

 Spells                   Type           Power      Damage    Failure   Level
 Apportation              Tloc           0%         N/A       99%         1
 Foxfire                  Conj/Fire      0%         2x1d4     99%         1
 Freeze                   Ice            0%         1d3       99%         1
 Slow                     Hex            0%         N/A       99%         1
 Blink                    Tloc           0%         N/A       100%        2
 Lesser Beckoning         Tloc           0%         N/A       100%        2
 Confusing Touch          Hex            0%         N/A       100%        3
 Frozen Ramparts          Ice            0%         1d1       100%        3
 Gell's Gravitas          Tloc           0%         N/A       100%        3
 Hailstorm                Conj/Ice       0%         3d3       100%        3
 Sigil of Binding         Hex            0%         N/A       100%        3
 Teleport Other           Tloc           0%         N/A       100%        3
 Vampiric Draining        Necr           0%         2d6       100%        3
 Manifold Assault         Tloc           0%         N/A       100%        4
 Olgreb's Toxic Radiance  Pois           0%         N/A       100%        4
 Passage of Golubria      Tloc           0%         N/A       100%        4
 Petrify                  Tmut/Erth      0%         N/A       100%        4
 Metabolic Englaciation   Hex/Ice        0%         N/A       100%        5
 Yara's Violent Unravell  Hex/Tmut       0%         3d3       100%        5
 Orb of Destruction       Conj           0%         9d5       100%        7
 Discord                  Hex            0%         N/A       100%        8
 Ignition                 Fire           0%         3d3       100%        8
 Summon Small Mammal      Summ           Unusable   N/A       N/A         1
 Call Canine Familiar     Summ           Unusable   N/A       N/A         3
 Summon Guardian Golem    Hex/Summ       Unusable   N/A       N/A         3
 Tukima's Dance           Hex            Unusable   N/A       N/A         3
 Spellforged Servitor     Conj/Summ      Unusable   N/A       N/A         7

Dungeon Overview and Level Annotations

Branches:
Dungeon (10/15)            Temple (1/1) D:6            Lair (5/5) D:10
 Shoals (0/4) Lair:3       Spider (0/4) Lair:3        Slime (2/5) Lair:5
    Orc (2/2) D:9
    Elf: Orc:2

Altars:
Ashenzari
Cheibriados
Dithmenos
Elyvilon
Fedhas
Gozag
Hepliaklqana
Kikubaaqudgha
Makhleb
Nemelex Xobeh
Okawaru
Qazlal
Ru
Sif Muna
Trog
Uskayaw
Vehumet
Wu Jian
Xom
Yredelemnul
Zin
The Shining One
Jiyva

Shops:
D:9 *   Orc:1 :

Annotations:
D:5 Omnilove's ghost, novice FoHu
Temple 2 transporters
Lair:5 1 runed translucent door, dranitski's ghost, journeyman GrFi


Innate Abilities, Weirdness & Mutations

You have a pair of horns on your head.
You reflexively headbutt those who attack you in melee.
You sometimes lose your temper in combat.
Armour fits poorly on your strangely shaped body.
Your body sometimes deteriorates upon taking damage.
You are very dopey. (Int -4)
You are extremely frail. (-30% HP)
Your magical capacity is very low. (-20% MP)
You are vulnerable to heat. (rF-)
Your spells are much easier to cast, but much less powerful.
You occasionally lose the ability to drink potions when taking damage.


Message History

You resist with almost no effort. The quicksilver ooze hits you!
The quicksilver ooze closely misses you.
A formless jellyfish comes into view.
The acid blob spits acid at you. The splash of acid hits you! You resist.
* * * LOW HITPOINT WARNING * * *
Your body deteriorates!
You feel clumsy. The acid blob barely misses you.
The acid blob spits acid at you. The splash of acid hits you! You resist.
* * * LOW HITPOINT WARNING * * *
Your body deteriorates!
You feel weakened.
Okay, then.
You feel much better.
The quicksilver ooze completely misses you.
The quicksilver ooze misses you. The golden eye blinks at you.
You resist with some effort. The golden eye blinks at you.
You are more confused.
The acid blob spits acid at you. The splash of acid hits you! You resist.
* * * LOW HITPOINT WARNING * * *
The acid blob spits acid at you. The splash of acid hits you. You resist.
* * * LOW HITPOINT WARNING * * *
The acid blob hits you!
* * * LOW HITPOINT WARNING * * *
You are splashed with acid.
You resist.
* * * LOW HITPOINT WARNING * * *
The quicksilver ooze misses you. The quicksilver ooze barely misses you.
The golden eye blinks!
Acid dripping from the walls corrodes you.
A formless jellyfish comes into view.
The formless jellyfish quivers.
The quicksilver ooze attacks as it pursues you!
The quicksilver ooze misses you. x2
The golden eye blinks at you. You resist with almost no effort.
The acid blob hits you!
You die...

..J ........ #
.. ....... #.
.J#.....#
#..#J#.....## ##
..........#.##.#
#........#......
##.......#....#
#......#@GG..#
#....>.GJJ...##
#........JJ...#
#.......J....##
##...#......#.##
#...#..<.......#
#......(....G.##
#.......#....##
#...........##


You could see 2 formless jellyfish, 3 acid blobs, 2 large slime creatures, a
shining eye, a quicksilver ooze and 3 golden eyes.

Vanquished Creatures
  An acid blob (Slime:1)
  3 quicksilver oozes (Slime:1)
  Fannar (D:10)
  6 hydras
  A centaur warrior (D:9)
  The ghost of grizmgrazm2 the Grappler, a novice TrGl of Ashenzari (Lair:1)
  A catoblepas (Lair:4)
  A merfolk avatar (Lair:5)
  A two-headed ogre (D:7)
  2 skysharks
  Pikel (D:5)
  A harpy (Lair:5)
  2 manticores (Lair:5)
  2 shining eyes (Slime:1)
  A cyclops (D:9)
  Joseph (D:9)
  14 elephants
  6 black mambas
  2 torpor snails (Lair:5)
  4 komodo dragons
  11 cane toads
  4 rime drakes
  2 polar bears
  A hornet (Lair:5)
  A wind drake (Lair:5)
  20 blink frogs
  A snapping turtle (Lair:5)
  A shadow (D:10)
  5 slime creatures (Slime:1)
  Sigmund (D:3)
  4 water elementals (D:10)
  51 yaks
  A wraith (D:10)
  2 wyverns
  3 golden eyes (Slime:2)
  2 basilisks (Lair:1)
  A steam dragon (D:8)
  4 redbacks (Lair:3)
  2 acid dragons (D:10)
  16 water moccasins
  Duvessa (D:6)
  An ice beast (D:7)
  7 orc warriors
  6 black bears
  3 centaurs
  4 ogres
  3 lemures (D:5)
  5 wolves (Lair:5)
  2 phantoms (D:6)
  3 kobold brigands
  11 bullfrogs
  2 wyvern zombies (D:6)
  2 water moccasin zombies (D:6)
  13 wights
  Dowan (D:6)
  20 killer bees
  2 electric eels (Lair:1)
  4 howler monkeys
  3 hounds
  3 jellies
  2 centaur zombies (D:6)
  A bullfrog zombie (D:6)
  Crazy Yiuf (D:3)
  9 orc priests
  Jessica (D:3)
  3 bullfrog skeletons (D:6)
  2 gnoll boudas
  Ijyb (D:3)
  2 iguanas
  11 orc wizards
  5 hell rats (Lair:3)
  5 killer bee zombies (D:6)
  A howler monkey zombie (D:6)
  7 gnolls (D:6)
  7 adders
  A shadow imp (D:4)
  2 white imps
  2 ufetubi (D:6)
  2 dart slugs (D:2)
  73 orcs
  5 endoplasms
  2 giant cockroaches
  7 hobgoblins
  4 jackals
  25 kobolds
  9 quokkas
  12 ball pythons
  8 bats
  2 frilled lizards
  5 goblins
  5 rats
  A spectral kobold (D:1)
  A butterfly (Lair:5)
505 creatures vanquished.

Vanquished Creatures (others)
  An orc wizard (D:9)
1 creature vanquished.

Grand Total: 506 creatures vanquished

Notes
Turn   | Place    | Note
-------+----------+-------------------------------------------
     0 | D:1      | JPNDWG the Minotaur Fighter began the quest for the Orb.
     0 | D:1      | Reached XP level 1. HP: 19/19 MP: 0/0
   123 | D:1      | Found a faded altar of an unknown god.
   166 | D:1      | Reached XP level 2. HP: 27/27 MP: 1/1
  1105 | D:2      | Reached XP level 3. HP: 33/33 MP: 2/2
  1788 | D:3      | Reached XP level 4. HP: 39/40 MP: 3/3
  1879 | D:3      | Got Casting for Apprentices
  1916 | D:3      | Identified the +2 spear "Jedet" {pain, rF++ Stlth-}
  1922 | D:3      | Noticed Sigmund
  1942 | D:3      | Killed Sigmund
  1943 | D:3      | Reached skill level 1 in Polearms
  1943 | D:3      | Reached skill level 5 in Armour
  1943 | D:3      | Reached skill level 1 in Dodging
  1943 | D:3      | Reached skill level 4 in Shields
  1943 | D:3      | Reached XP level 5. HP: 6/47 MP: 4/4
  2139 | D:3      | Noticed an ogre
  2149 | D:3      | Killed an ogre
  2150 | D:3      | Reached XP level 6. HP: 25/53 MP: 5/5
  2268 | D:3      | Noticed Jessica
  2277 | D:3      | Killed Jessica
  2278 | D:3      | Reached skill level 5 in Long Blades
  2422 | D:3      | Noticed Ijyb
  2434 | D:3      | Killed Ijyb
  2574 | D:3      | Found a runed translucent door.
  2575 | D:3      | Noticed Crazy Yiuf
  2584 | D:3      | Killed Crazy Yiuf
  3111 | D:4      | Reached skill level 5 in Fighting
  3111 | D:4      | Reached XP level 7. HP: 58/61 MP: 6/6
  3328 | D:4      | Found a sacrificial altar of Ru.
  3870 | D:4      | Became a worshipper of Ru the Awakened
  3894 | D:5      | Entered Level 5 of the Dungeon
  4050 | D:5      | Noticed Pikel
  4059 | D:5      | Killed Pikel
  4060 | D:5      | Reached skill level 5 in Polearms
  4060 | D:5      | Reached XP level 8. HP: 51/70 MP: 7/7
  4066 | D:5      | Reached skill level 1 in Stealth
  4089 | D:5      | Found a hazy altar of Hepliaklqana.
  4089 | D:5      | Found a shimmering blue altar of Sif Muna.
  4099 | D:5      | Found a transporter.
  4103 | D:5      | Noticed Omnilove's ghost (novice FoHu)
  4115 | D:5      | Noticed a troll
  4123 | D:5      | Found a transporter.
  4522 | D:5      | Reached skill level 5 in Shields
  4818 | D:6      | Found a shimmering altar of Xom.
  4891 | D:6      | Noticed an angel
  4936 | D:6      | Reached XP level 9. HP: 78/78 MP: 8/8
  4994 | D:6      | Found a glowing silver altar of Zin.
  5437 | D:6      | Found a staircase to the Ecumenical Temple.
  5446 | Temple   | Found a transporter.
  5446 | Temple   | Found a transporter.
  5446 | Temple   | Found a transporter.
  5446 | Temple   | Found a transporter.
  5446 | Temple   | Entered the Ecumenical Temple
  5471 | Temple   | Fell from the grace of Ru
  5471 | Temple   | Became a worshipper of Warmaster Okawaru
  5500 | D:6      | Noticed Duvessa
  5512 | D:6      | Killed Duvessa
  5514 | D:6      | Noticed Dowan
  5521 | D:6      | Killed Dowan
  5683 | D:7      | Noticed a two-headed ogre
  5693 | D:7      | Killed a two-headed ogre
  5693 | D:7      | Reached * piety under Okawaru
  5694 | D:7      | Reached skill level 10 in Armour
  5701 | D:7      | Reached ** piety under Okawaru
  5702 | D:7      | Reached XP level 10. HP: 81/88 MP: 9/9
  5852 | D:7      | Reached skill level 5 in Dodging
  6186 | D:7      | Reached skill level 6 in Shields
  6405 | D:8      | Found a hide-covered altar of Uskayaw.
  6431 | D:8      | Found a blossoming altar of Fedhas.
  7588 | D:9      | Noticed a centaur warrior
  7595 | D:9      | Noticed a cyclops
  7647 | D:9      | Reached skill level 7 in Shields
  7730 | D:9      | Found Unureuk's Lightly-Used Armoury.
  7763 | D:9      | Bought a -3 demon blade for 1 gold piece
  7763 | D:9      | Bought a -3 triple sword for 1 gold piece
  7814 | D:9      | Reached *** piety under Okawaru
  7839 | D:9      | Killed a cyclops
  7840 | D:9      | Reached skill level 8 in Shields
  7840 | D:9      | Reached skill level 1 in Evocations
  7852 | D:9      | Killed a centaur warrior
  7852 | D:9      | Reached **** piety under Okawaru
  7883 | D:9      | Noticed Joseph
  7891 | D:9      | Killed Joseph
  7892 | D:9      | Reached skill level 9 in Shields
  7934 | D:9      | Reached XP level 11. HP: 82/93 MP: 10/10
  8154 | D:9      | Found a staircase to the Orcish Mines.
  8284 | Orc:1    | Entered Level 1 of the Orcish Mines
  8300 | Orc:1    | Reached skill level 10 in Shields
  8331 | Orc:1    | Reached ***** piety under Okawaru
  8371 | Orc:1    | Found Pobyosiank's Book Shoppe.
  8542 | Orc:2    | Entered Level 2 of the Orcish Mines
  8542 | Orc:2    | Noticed an orc high priest
  8542 | Orc:2    | Noticed a two-headed ogre
  8543 | Orc:2    | Noticed an orc sorcerer
  9087 | D:10     | Entered Level 10 of the Dungeon
  9087 | D:10     | Found a staircase to the Lair.
  9341 | D:10     | Reached skill level 11 in Shields
  9684 | D:10     | Received a gift from Okawaru
  9790 | D:9      | Bought a -2 crystal plate armour for 980 gold pieces
  9874 | D:10     | Noticed Fannar
  9905 | D:10     | Killed Fannar
 10051 | Lair:1   | Entered Level 1 of the Lair of Beasts
 10064 | Lair:1   | Reached skill level 12 in Shields
 10279 | Lair:1   | Reached skill level 1 in Invocations
 10476 | Lair:1   | Noticed grizmgrazm2's ghost (novice TrGl)
 10477 | Lair:1   | Found a runed translucent gate.
 10478 | Lair:1   | Found a runed translucent gate.
 10479 | Lair:1   | Found a runed translucent gate.
 10534 | Lair:1   | Killed grizmgrazm2's ghost
 10534 | Lair:1   | Received a gift from Okawaru
 10870 | Lair:1   | Reached skill level 13 in Shields
 10946 | Lair:1   | Reached XP level 12. HP: 41/101 MP: 8/11
 11733 | Lair:2   | Reached skill level 14 in Shields
 11813 | Lair:2   | Noticed a five-headed hydra
 11824 | Lair:2   | Killed a five-headed hydra
 11824 | Lair:2   | Received a gift from Okawaru
 11995 | Lair:2   | Reached skill level 15 in Shields
 12655 | Lair:3   | Found a hole to the Spider Nest.
 12842 | Lair:3   | Received a gift from Okawaru
 12843 | Lair:3   | Reached skill level 16 in Shields
 12982 | Lair:3   | Found a staircase to the Shoals.
 13147 | Lair:3   | Reached XP level 13. HP: 107/107 MP: 12/12
 13550 | Lair:3   | Reached skill level 17 in Shields
 13688 | Lair:4   | Received a gift from Okawaru
 14450 | Lair:5   | Entered Level 5 of the Lair of Beasts
 14500 | Lair:5   | Reached skill level 18 in Shields
 14651 | Lair:5   | Identified 2 scrolls of acquirement
 14652 | Lair:5   | Acquired the +7 demon trident "Minotaur's Death" {drain,
                  | *Rage rC+ Int+4}
 14662 | Lair:5   | Acquired the +0 pair of boots of Estuxiuk {Regen+ Str+3
                  | Int-3}
 14698 | Lair:5   | Reached ****** piety under Okawaru
 14699 | Lair:5   | Acquired the +15 Maxwell's patent armour {-Cast -Tele rElec
                  | Will+ rCorr}
 14699 | Lair:5   | Received a gift from Okawaru
 14699 | Lair:5   | Found the +15 Maxwell's patent armour {-Cast -Tele rElec
                  | Will+ rCorr}
 14750 | Lair:5   | Received a gift from Okawaru
 14854 | Lair:5   | Reached skill level 19 in Shields
 14921 | Lair:5   | Found a runed translucent door.
 14921 | Lair:5   | Found a shimmering altar of Xom.
 14921 | Lair:5   | Noticed dranitski's ghost (journeyman GrFi)
 15112 | Lair:5   | Found a staircase to the Slime Pits.
 15115 | Lair:5   | Found a viscous altar of Jiyva.
 15172 | Lair:5   | Received a gift from Okawaru
 15186 | Lair:5   | Reached XP level 14. HP: 36/114 MP: 11/13
 15587 | Slime:1  | Entered Level 1 of the Pits of Slime
 15596 | Slime:1  | Noticed a quicksilver ooze
 15597 | Slime:1  | Reached skill level 15 in Armour
 15604 | Slime:1  | Killed a quicksilver ooze
 15605 | Slime:1  | Reached skill level 20 in Shields
 15606 | Slime:1  | Noticed an acid blob
 15607 | Slime:1  | Gained mutation: You are vulnerable to heat. (rF-) [a
                  | shining eye]
 15609 | Slime:1  | Noticed a quicksilver ooze
 15614 | Slime:1  | Gained mutation: Your magical capacity is low. (-10% MP) [a
                  | shining eye]
 15618 | Slime:1  | Gained mutation: Your magical capacity is very low. (-20%
                  | MP) [a shining eye]
 15619 | Slime:1  | Killed an acid blob
 15619 | Slime:1  | Gained mutation: You sometimes lose your temper in combat.
                  | [a shining eye]
 15620 | Slime:1  | Gained mutation: You are dopey. (Int -2) [a shining eye]
 15621 | Slime:1  | Gained mutation: Armour fits poorly on your strangely
                  | shaped body. [a shining eye]
 15622 | Slime:1  | Gained mutation: Your spells are a little easier to cast,
                  | but a little less powerful. [a shining eye]
 15624 | Slime:1  | Gained mutation: You are frail. (-10% HP) [a shining eye]
 15627 | Slime:1  | Killed a quicksilver ooze
 15627 | Slime:1  | Gained mutation: You occasionally lose the ability to drink
                  | potions when taking damage. [a shining eye]
 15627 | Slime:1  | Gained mutation: Your spells are easier to cast, but less
                  | powerful. [a shining eye]
 15629 | Slime:1  | Gained mutation: You are very frail. (-20% HP) [a shining
                  | eye]
 15630 | Slime:1  | Gained mutation: You are very dopey. (Int -4) [a shining
                  | eye]
 15631 | Slime:1  | Gained mutation: You are extremely frail. (-30% HP) [a
                  | shining eye]
 15632 | Slime:1  | Gained mutation: Your body sometimes deteriorates upon
                  | taking damage. [a shining eye]
 15633 | Slime:1  | Gained mutation: Your spells are much easier to cast, but
                  | much less powerful. [a shining eye]
 15731 | Slime:1  | Noticed a quicksilver ooze
 15739 | Slime:1  | Killed a quicksilver ooze
 15950 | Slime:2  | Noticed an acid blob
 15950 | Slime:2  | Noticed an acid blob
 15957 | Slime:2  | Noticed a quicksilver ooze
 15962 | Slime:2  | Received a gift from Okawaru
 15969 | Slime:2  | Noticed an acid blob
 15970 | Slime:2  | Noticed a formless jellyfish
 15972 | Slime:2  | Noticed a formless jellyfish
 15972 | Slime:2  | Slain by an acid blob

Illustrated notes

Levels and vault maps discovered:
D:1:      shiori_arrival_oz, layout_loops_ring,
          dreamdust_ecumenical_altar_drowned_temple, columned_hall_lemuel
D:2:      minmay_skewed_foursquare, layout_basic
D:3:      minmay_inner_zag, layout_basic, uniq_jessica, uniq_sigmund, uniq_ijyb,
          uniq_crazy_yiuf_cottage
D:4:      layout_loops_ring, nicolae_ru_sacrificial_ziggurat
D:5:      layout_loops_cross, nicolae_overflow_two_pavilions,
          gammafunk_ghost_arena, uniq_pikel
D:6:      layout_rooms, grunt_temple_overflow_order_and_chaos_1, temple_statues,
          serial_undead, serial_undead_c, serial_undead_f, serial_undead_d,
          serial_undead_e, serial_undead_f, serial_undead_a, serial_undead_e,
          hangedman_abyss_or_decor_jellyfish_corner, uniq_duvessa
D:7:      layout_basic, serial_corexii_hall, chequers_hall_statues_corner_a,
          corexii_hall_statues_l
D:8:      layout_layer_cave, mainiacjoe_overflow_two_lobes,
          serial_library_hellmonk_small_alcove
D:9:      layout_basic, hiddenorc2_lemuel, minmay_shop_damaged,
          minmay_checkerbox, uniq_joseph
D:10:     layout_roguey [special_room_orc], lair_entry_dummy,
          nicolae_underground_beach, uniq_fannar
Temple:   hellmonk_temple_divided_pantheon
Lair:1:   layout_cave_pods, ebering_ghost_rock_garden, serial_bayou_shore_a
Lair:2:   layout_cave_pods, dreamdust_gnoll_shepherd
Lair:3:   layout_chaotic_city, shoals_dummy_entry, spider_nest_entry_webs
Lair:4:   layout_loops_ring, lemuel_fruit_fields
Lair:5:   gammafunk_lair_ancient_temple, layout_regular_city, slime_entry_1,
          ebering_ghost_xom, lemuel_fruit_fields, serial_bayou_shore_b
Slime:1:  layout_caves
Slime:2:  layout_caves, basic_altar
Orc:1:    layout_diamond_mine, serial_shops, shop_coins, minmay_orc_temple_a
Orc:2:    grunt_orc_gardens, layout_caves, grunt_orc_garden, grunt_orc_garden,
          grunt_orc_garden, grunt_orc_garden, serial_shops,
          nicolae_shop_bloodbath_and_beyond, basic_altar, uniq_sonja

Skill      XL: |  1  2  3  4  5  6  7  8  9 10 11 12 13 14 |
---------------+-------------------------------------------+-----
Armour         | 4 5 6 7 8 10 11 12 13 14 15 | 15.2
Long Blades    | 3 4 5 |  5.1
Fighting       | 4 5 6 7 |  7.6
Polearms       | 1 2 5 7 9 |  9.3
Dodging        | 1 2 3 4 7 |  7.8
Shields        | 4 5 9 13 16 19 20 | 20.4
Stealth        | 1 |  1.4
Evocations     | 2 3 |  3.5
Invocations    | 1 |  1.2

Action                     |  1- 3 |  4- 6 |  7- 9 | 10-12 | 13-15 || total
---------------------------+-------+-------+-------+-------+-------++-------
  Melee: Long sword        |    82 |    19 |       |       |       ||   101
         Headbutt          |    11 |    14 |    65 |   296 |   155 ||   541
         Spear             |       |    80 |   343 |  1382 |   325 ||  2130
         Demon trident     |       |       |       |       |   201 ||   201
 Invoke: Heroism           |       |       |       |     5 |     4 ||     9
         Receive Armour    |       |       |       |       |     1 ||     1
  Evoke: Wand              |       |     1 |     4 |    33 |    10 ||    48
    Use: Potion            |       |     1 |     6 |     9 |     4 ||    20
         Scroll            |       |       |    11 |    13 |     6 ||    30
 Armour: Scale mail        |    63 |    62 |   293 |    96 |       ||   514
         Plate armour      |       |       |       |   456 |   179 ||   635
         Crystal plate arm |       |       |       |   128 |   205 ||   333
  Dodge: Dodged            |    38 |    45 |   205 |   476 |   255 ||  1019
  Block: Buckler           |    19 |    19 |    87 |    12 |       ||   137
         Tower shield      |       |       |       |  1334 |   717 ||  2051

Table legend: (Time is in decaauts)
 A = Elapsed time spent in this place.
 B = Non-inter-level travel time spent in this place.
 C = Inter-level travel time spent in this place.
 D = Time resting spent in this place.
 E = Time spent auto-exploring this place.
 F = Levels seen in this place.
 G = Mean time per level.
                   A        B        C        D        E       F      G
               +--------+--------+--------+--------+--------+-----+--------+
         Total |  15617 |  13101 |   2516 |    796 |   8593 |  20 |  780.8 |
       Dungeon |   9556 |   8246 |   1310 |    508 |   5741 |  10 |  955.6 |
        Temple |     43 |      6 |     37 |      0 |      0 |   1 |   43.0 |
          Lair |   5352 |   4384 |    968 |    288 |   2567 |   5 | 1070.4 |
    Slime Pits |    376 |    330 |     46 |      0 |    248 |   2 |  188.0 |
  Orcish Mines |    288 |    134 |    154 |      0 |     36 |   2 |  144.0 |
               +--------+--------+--------+--------+--------+-----+--------+

Top non-repeatable levels by time:
  Lair:1: 1424 daAuts
     D:3: 1393 daAuts
     D:8: 1322 daAuts
     D:9: 1309 daAuts
  Lair:5: 1170 daAuts
  Lair:3: 964 daAuts
  Lair:2: 956 daAuts
     D:2: 939 daAuts
     D:5: 910 daAuts
  Lair:4: 836 daAuts
     D:1: 803 daAuts
    D:10: 801 daAuts
     D:4: 789 daAuts
     D:6: 770 daAuts
     D:7: 515 daAuts
